 Dungeon Crawl Stone Soup version 0.17.2 (webtiles) character file.

960 ololoev the Slasher (level 7, -1/52 HPs)
             Began as a Mummy Chaos Knight on June 27, 2016.
             Slain by Prince Ribbit (10 damage)
             ... on level 6 of the Dungeon.
             The game lasted 00:11:59 (5653 turns).

ololoev the Slasher (Mummy Chaos Knight)            Turns: 5653, Time: 00:12:00

Health: -1/52      AC: 17    Str: 17    XL:     7   Next: 92%
Magic:  7/7        EV:  5    Int: 12    God:    Xom [*.....]
Gold:   208        SH:  0    Dex: 11    Spells: 0 memorised, 6 levels left

rFire  . . .     SeeInvis .     a - +0 falchion (chaos)
rCold  + . .     Clarity  .     m - +0 plate armour
rNeg   + + +     SustAt   .     (no shield)
rPois  ∞         Gourm    .     (no helmet)
rElec  .         Spirit   .     s - +2 cloak
rCorr  .         Warding  .     q - +0 pair of gloves
rMut   .         Stasis   .     r - +0 pair of boots
MR     +....                    (no amulet)
Stlth  ..........               j - ring of protection from fire
                                d - ring of protection from magic

@: somewhat resistant to hostile enchantments, extremely unstealthy
A: no food or potions, fire vulnerability, cold resistance 1, negative energy
resistance 3, torment resistance, unbreathing
a: Renounce Religion


Innate Abilities, Weirdness & Mutations

You do not eat or drink.
Your flesh is vulnerable to fire.
You are immune to poison.
Your flesh is cold resistant.
You are immune to negative energy.
You are immune to unholy pain and torment.
You can survive without breathing.

Inventory:

Hand Weapons
 a - a +0 falchion of chaos (weapon)
Missiles
 f - 5 needles of paralysis
Armour
 m - a +0 plate armour (worn)
 q - a +0 pair of gloves (worn)
 r - a +0 pair of boots (worn)
 s - a +2 cloak (worn)
Rods
 b - a +0 rod of destruction (1/12)
   (You found it on level 6 of the Dungeon)
Jewellery
 d - a ring of protection from magic (left hand)
 j - a ring of protection from fire (right hand)
Wands
 k - a wand of frost (0)
Scrolls
 c - 2 scrolls of immolation {unknown}
 e - 4 scrolls of remove curse {unknown}
 g - a scroll of enchant weapon {unknown}
 h - 2 scrolls of identify {unknown}
 i - a scroll of noise {unknown}
 l - 2 scrolls of amnesia {unknown}
 n - a scroll of random uselessness {unknown}
 o - 2 scrolls of magic mapping {unknown}
 p - a scroll of enchant armour {unknown}


   Skills:
 - Level 3.0 Fighting
 * Level 6.8 Long Blades
 + Level 4.4 Armour
 - Level 0.7 Dodging
 + Level 0.0 Evocations


You had 6 spell levels left.
You didn't know any spells.


You were on level 6 of the Dungeon.
You worshipped Xom.
You were a special plaything of Xom.
You were not hungry.

You visited 1 branch of the dungeon, and saw 6 of its levels.

You collected 208 gold pieces.

# #.# ..
##.##.###########
...........FZ...#
...)..#########.#
..... #.# ....
#Z# ... #@# #..
#F# #. #.# # #.#
#.# ### #.# ...
####.# ### #....#
#.####

Notes
Turn   | Place    | Note
--------------------------------------------------------------
     0 | D:1      | ololoev the Mummy Chaos Knight began the quest for the Orb.
     0 | D:1      | Reached XP level 1. HP: 18/18 MP: 1/1
   541 | D:1      | XOM: divination: detect creatures
   564 | D:1      | Reached XP level 2. HP: 24/24 MP: 2/2
   724 | D:1      | XOM: harmless Tloc miscast
   895 | D:1      | XOM: divination: detect creatures
  1094 | D:2      | XOM: noise
  1199 | D:2      | XOM: divination: detect creatures
  1293 | D:2      | XOM: mild Summ miscast
  1572 | D:2      | Reached XP level 3. HP: 29/29 MP: 3/3
  1729 | D:2      | Found a stormy altar of Qazlal.
  2032 | D:2      | XOM is BORED!
  2032 | D:2      | XOM: mild Erth miscast
  2167 | D:2      | XOM: divination: detect creatures
  2341 | D:3      | Found a burning altar of Makhleb.
  2346 | D:3      | XOM: potion effect (haste)
  2528 | D:3      | Found a sparkling altar of Nemelex Xobeh.
  2576 | D:3      | Found a shadowy altar of Dithmenos.
  2590 | D:3      | Noticed a giant frog
  2594 | D:3      | Killed a giant frog
  2594 | D:3      | Reached skill level 4 in Long Blades
  2594 | D:3      | Reached XP level 4. HP: 18/35 MP: 4/4
  2714 | D:3      | XOM: divination: detect creatures
  2861 | D:3      | XOM: potion effect (brilliance)
  2882 | D:3      | XOM: enchant monster (good)
  2890 | D:3      | XOM: enchant monster (good)
  3012 | D:3      | Reached XP level 5. HP: 41/41 MP: 5/5
  3304 | D:4      | Noticed DEFE's ghost (amateur SpFi)
  3333 | D:4      | XOM: summons 5 friendly demons
  3335 | D:4      | XOM: vitrification
  3363 | D:4      | Killed DEFE's ghost
  3363 | D:4      | Reached skill level 5 in Long Blades
  3363 | D:4      | Reached XP level 6. HP: 5/47 MP: 6/6
  3671 | D:4      | Noticed Menkaure
  3672 | D:4      | Noticed Dowan
  3673 | D:4      | Noticed Duvessa
  3674 | D:4      | XOM: confuse monster(s)
  3675 | D:4      | XOM: summons 6 friendly demons
  3681 | D:4      | Killed Dowan
  3684 | D:4      | Killed Menkaure
  3698 | D:4      | Killed Duvessa
  3707 | D:4      | XOM: harmless Hex miscast
  3749 | D:4      | XOM: divination: magic mapping
  4031 | D:4      | XOM: potion effect (invisibility)
  4042 | D:4      | XOM: harmless Trmt miscast
  4042 | D:4      | Reached XP level 7. HP: 42/52 MP: 7/7
  4067 | D:4      | XOM: harmless Tloc miscast
  4120 | D:4      | XOM: divination: detect creatures
  4182 | D:5      | Entered Level 5 of the Dungeon
  4326 | D:4      | XOM: harmless Erth miscast
  4386 | D:5      | Reached skill level 6 in Long Blades
  4627 | D:5      | XOM: silly message
  4765 | D:5      | Noticed Goblin1989's ghost (novice DsGl)
  4773 | D:5      | XOM: summons friendly iron imp
  4775 | D:5      | XOM: cast spell 'Excruciating Wounds'
  4785 | D:5      | XOM: divination: detect items
  4835 | D:4      | XOM: summons 2 hostile demons
  5027 | D:5      | XOM: vitrification
  5081 | D:5      | XOM: 1-stop teleportation journey
  5172 | D:5      | XOM: noise
  5174 | D:5      | XOM: harmless Divn miscast
  5598 | D:6      | Identified a +0 rod of destruction (12/12) (You found it on level 6 of the Dungeon)
  5615 | D:6      | Noticed Prince Ribbit
  5632 | D:6      | XOM: swap monsters
  5653 | D:6      | XOM: enchant monster (bad)
  5653 | D:6      | Slain by Prince Ribbit

Dungeon Overview and Level Annotations

Branches:
Dungeon (6/15)
 Temple: D:4-7

Altars:
Dithmenos
Makhleb
Nemelex Xobeh
Qazlal

Annotations:
D:5 Goblin1989's ghost, novice DsGl
D:6 Prince Ribbit


Message History

Prince Ribbit hops awkwardly around.
Prince Ribbit barely misses you.
The giant frog skeleton hits you but does no damage.
You miss Prince Ribbit.
Prince Ribbit is moderately wounded.
The giant frog skeleton hits you but does no damage.
Prince Ribbit hits you but does no damage.
You miss Prince Ribbit.
Prince Ribbit is moderately wounded.
Prince Ribbit is no longer moving slowly.
The giant frog skeleton hits you but does no damage.
Prince Ribbit hits you.
You miss Prince Ribbit.
Prince Ribbit is moderately wounded.
The giant frog skeleton hits you but does no damage.
Prince Ribbit hits you.
The giant frog skeleton hits you but does no damage.
You closely miss Prince Ribbit.
Prince Ribbit is moderately wounded.
Prince Ribbit hits you but does no damage.
The giant frog skeleton closely misses you.
Prince Ribbit hits you!
Prince Ribbit momentarily phases out as your attack passes through him.
Prince Ribbit is moderately wounded.
The giant frog skeleton hits you but does no damage.
Prince Ribbit blinks!
You slash Prince Ribbit!
Prince Ribbit goes berserk!
Xom is highly amused!
Prince Ribbit is heavily wounded.
Prince Ribbit hits you! The giant frog skeleton hits you.
Prince Ribbit barely misses you.
You closely miss Prince Ribbit.
Prince Ribbit is heavily wounded. "This might be better!"
Prince Ribbit suddenly seems more resistant.
Prince Ribbit hits you but does no damage.
The giant frog skeleton hits you but does no damage.
Prince Ribbit hits you!
You die...
Xom howls with laughter!

You could see Prince Ribbit (berserk) and a giant frog skeleton.

Vanquished Creatures
  2 centaurs
  A giant frog (D:3)
  2 scorpions
  A crimson imp (D:5)
  2 jellies (D:5)
  2 worker ants (D:5)
  A hound (D:3)
  A hound skeleton (D:6)
  3 gnolls (D:3)
  6 adders
  2 shadow imps (D:5)
  2 adder zombies (D:5)
  2 worms
  A giant gecko (D:2)
  4 orcs
  8 bats
  7 goblins
  13 hobgoblins
  8 jackals
  6 ball pythons
  2 giant cockroaches
  10 kobolds
  A quokka (D:6)
  8 rats
95 creatures vanquished.

Vanquished Creatures (collateral kills)
  The ghost of DEFE the Nimble, an amateur SpFi (D:4)
  Menkaure (D:4)
  Duvessa (D:4)
  Dowan (D:4)
  An iguana (D:4)
  2 worker ants (D:4)
  3 gnolls (D:4)
  3 jackals (D:4)
13 creatures vanquished.

Grand Total: 108 creatures vanquished

Action                   |  1- 3 |  4- 6 |  7- 9 || total
-------------------------+-------+-------+-------++-------
Melee: Falchion          |   159 |   104 |   197 ||   460
Evoke: Wand              |       |    14 |       ||    14
       Rod               |       |       |     3 ||     3
 Stab: Paralysed         |     1 |       |     1 ||     2
       Petrified         |     1 |       |       ||     1
       Distracted        |       |     1 |       ||     1
       Invisible         |       |     1 |     2 ||     3

Vault maps used:
D:1:      dpeg_arrival_houses_and_road
D:2:      old_standard_altar
D:3:      grunt_dithmenos_smoke_and_mirrors, overflow_temple_1_default,
          minmay_crystal_water, minmay_misc_feat_square,
          nemelex_diamond_rough_becter
D:4:      first_bread, uniq_menkaure, uniq_duvessa
D:6:      minitemple, minmay_temple_entry_from_below_a, uniq_prince_ribbit1
